 Dungeon Crawl Stone Soup version 0.29-a0-23-ga79f92ac9c (webtiles) character file.

Game seed: 17479677532640048967

4864 HallandMoats the Fighter (level 10, -3/90 HPs)
             Began as a Ghoul Monk on Jan 31, 2022.
             Was a Priest of Qazlal.
             Slain by a vampire (7 damage)
             ... on level 9 of the Dungeon.
             The game lasted 00:10:24 (6987 turns).

HallandMoats the Fighter (Ghoul Monk)               Turns: 6987, Time: 00:10:25

Health: -3/90      AC: 14    Str: 18    XL:     10   Next: 50%
Magic:  23/23      EV:  7    Int:  5    God:    Qazlal [***...]
Gold:   413        SH: 10    Dex: 19    Spells: 9/9 levels left

rFire   . . .      SeeInvis .   n - +8 Vampire's Tooth {vamp}
rCold   + . .      Faith    .   u - +0 buckler
rNeg    + + +      Spirit   .   e - +0 plate armour
rPois   ∞          Reflect  .   v - +2 hat
rElec   .          Harm     .   (no cloak)
rCorr   .          Rampage  .   (no gloves)
Will    .....                   (no boots)
Stlth   ..........              (no amulet)
HPRegen 0.00/turn               q - +6 ring of dexterity
MPRegen 0.18/turn               c - ring of magical power

@: inhibited regen
A: claws 1, cold resistance 1, negative energy resistance 3, inhibited
regeneration, torment resistance 2
a: Renounce Religion, Upheaval, Elemental Force


You were on level 9 of the Dungeon.
You worshipped Qazlal.
Qazlal was most pleased with you.
You visited 2 branches of the dungeon, and saw 10 of its levels.

You collected 413 gold pieces.

Inventory:

Hand Weapons
 n - the +8 Vampire's Tooth (weapon) {vamp}
   (You found it on level 2 of the Dungeon)

   It occasionally heals its wielder for the full amount of damage dealt when it
   wounds a living foe.
Missiles
 s - 2 throwing nets (quivered)
Armour
 e - a +0 plate armour (worn)
 u - a +0 buckler (worn)
 v - a +2 hat (worn)
Jewellery
 c - a ring of magical power (right claw)
 q - a +6 ring of dexterity (left claw)
 w - a ring of magical power
Wands
 k - a wand of mindburst (14)
 x - a wand of charming (7)
 y - a wand of digging (5)
Scrolls
 b - 3 scrolls of enchant armour {unknown}
 d - 3 scrolls of identify
 f - a scroll of teleportation
 p - a scroll of fog
 r - a scroll of blinking
Potions
 a - 4 potions of curing
 h - a potion of heal wounds {unknown}
 i - 2 potions of brilliance {unknown}
 j - 2 potions of haste {unknown}
 m - a potion of invisibility {unknown}
 o - 2 potions of attraction {unknown}
 t - 2 potions of mutation {unknown}
 z - a potion of flight {unknown}
 A - 2 potions of lignification {unknown}
 B - a potion of might {unknown}


   Skills:
 * Level 8.8 Fighting
 * Level 6.4 Short Blades
 + Level 4.5 Armour
 + Level 5.5 Dodging
 - Level 2.1 Stealth
 + Level 3.7 Shields
 - Level 3.8 Unarmed Combat
 * Level 7.3 Invocations


You had 9 spell levels left.
You didn't know any spells.
Your spell library contained the following spells:

 Spells                   Type           Power      Damage    Failure   Level
 Animate Skeleton         Necr           0%         N/A       100%        1
 Freeze                   Ice            0%         1d3       100%        1
 Pain                     Necr           0%         1d4       100%        1
 Vampiric Draining        Necr           0%         2d6       100%        3
 Animate Dead             Necr           0%         N/A       100%        4
 Borgnjor's Vile Clutch   Necr/Erth      0%         N/A       100%        5
 Death Channel            Necr           0%         N/A       100%        6


Dungeon Overview and Level Annotations

Branches:
Dungeon (9/15)             Temple (1/1) D:5
   Lair: D:8-11         Orc: D:9-12

Altars:
Ashenzari
Cheibriados
Elyvilon
Fedhas
Gozag
Hepliaklqana
Kikubaaqudgha
Makhleb
Nemelex Xobeh
Okawaru
Qazlal
Ru
Sif Muna
Trog
Uskayaw
Vehumet
Wu Jian
Xom
Yredelemnul
Zin
The Shining One

Annotations:
D:5 2 transporters
D:9 Cecur's ghost, novice DsGl


Innate Abilities, Weirdness & Mutations

You thrive by killing the living.
You are immune to poison.
You have sharp fingernails.
Your flesh is cold resistant. (rC+)
You are immune to negative energy. (rN+++)
You do not regenerate when monsters are visible.
You are immune to unholy pain and torment.


Message History

Something hits you. Something bites you.
The orc priest mumbles some strange prayers to Beogh against you.
Beogh smites you! Something hits you but does no damage.
You puncture the orc priest!
The orc priest is heavily wounded.
The orc warrior barely misses you.
You puncture the orc priest!
You feel better.
You kill the orc priest!
Qazlal accepts your kill.
You feel better. Something hits you but does no damage. Something bites you!
A magic dart appears from out of thin air!
The magic dart hits you! Something hits you but does no damage.
Something bites you but does no damage.
A magic dart appears from out of thin air!
The magic dart hits you but does no damage.
A magic dart appears from out of thin air!
The magic dart hits something but does no damage.
You hear some strange, mumbled words.
Something tries to affect you, but you resist.
You are confused.
The orc warrior hits you but does no damage.
The orc barely misses you. Something hits you but does no damage.
Something bites you but does no damage. The orc warrior barely misses you.
You bump into the rock wall.
Something hits you but does no damage. Something bites you.
The orc closely misses you.
The orc warrior hits you with a +0 halberd!
* * * LOW HITPOINT WARNING * * *
Okay, then.
You feel better. Something hits you but does no damage.
Something bites you but does no damage. Something hits you but does no damage.
The orc hits you but does no damage.
The orc warrior hits you with a +0 halberd!
* * * LOW HITPOINT WARNING * * *
As you read the scroll of fear, it crumbles to dust.
You assume a fearsome visage.
The orc warrior looks frightened!
The orc looks frightened!
Something hits you!
* * * LOW HITPOINT WARNING * * *
Something bites you!
You die...

#... #...
......
#..#
#....#
#..#
#....#
#..#
#....#
#######..#
#....#
.........#
#....#
#####..o.#
#.....
#...@###
#...<.
#..○...#
#.....
#...o..#
#.....
#......#
......††
#......#
#........
#.....##
#........
#+##.....#
#........
.........#
#........
.........#
.[......


You could see an orc warrior (fleeing) and an orc (fleeing).

Vanquished Creatures
  Erica (D:8)
  Maggie (D:8)
  2 wyverns
  A steam dragon (D:7)
  A water moccasin (D:6)
  Duvessa (D:6)
  2 orc warriors
  2 black bears
  A sky beast (D:5)
  2 necrophages (D:4)
  6 centaurs
  A phantom (D:6)
  A kobold brigand (D:8)
  2 wyvern zombies (D:7)
  3 bullfrogs
  A scorpion (D:6)
  A water moccasin skeleton (D:6)
  Dowan (D:6)
  3 wights (D:8)
  12 killer bees
  A howler monkey (D:7)
  A bullfrog zombie (D:5)
  5 bullfrog skeletons
  5 orc priests
  4 hounds
  A gnoll shaman (D:9)
  4 iguanas
  4 orc wizards
  8 adders
  14 gnolls
  A white imp (D:5)
  A worm (D:4)
  3 dart slugs
  32 orcs
  3 bats
  4 endoplasms
  A giant cockroach (D:2)
  6 goblins
  12 hobgoblins
  10 kobolds
  A quokka (D:4)
  6 ball pythons
  6 frilled lizards
  4 rats
182 creatures vanquished.

Vanquished Creatures (others)
  A kobold (D:8)
1 creature vanquished.

Grand Total: 183 creatures vanquished

Notes
Turn   | Place    | Note
-------+----------+-------------------------------------------
     0 | D:1      | HallandMoats the Ghoul Monk began the quest for the Orb.
     0 | D:1      | Reached XP level 1. HP: 19/19 MP: 0/0
   157 | D:1      | Found a faded altar of an unknown god.
   168 | D:1      | Reached XP level 2. HP: 23/26 MP: 1/1
   212 | D:1      | Got Plato's Catalogue of Snow
   290 | D:1      | You fall into a shaft and drop 1 floor!
   554 | D:1      | Reached XP level 3. HP: 29/33 MP: 2/2
   980 | D:2      | Reached skill level 1 in Invocations
  1160 | D:2      | Found the +8 Vampire's Tooth {vamp}
  1280 | D:2      | Reached XP level 4. HP: 34/40 MP: 3/3
  1287 | D:3      | Reached skill level 1 in Armour
  1364 | D:3      | Reached skill level 4 in Fighting
  1385 | D:3      | Reached skill level 1 in Short Blades
  1386 | D:3      | Reached XP level 5. HP: 38/46 MP: 5/5
  1875 | D:4      | Reached XP level 6. HP: 47/53 MP: 6/6
  1960 | D:4      | Noticed a necrophage
  1974 | D:4      | Killed a necrophage
  2031 | D:4      | Noticed a black bear
  2039 | D:4      | Killed a black bear
  2040 | D:4      | Reached skill level 5 in Fighting
  2056 | D:4      | Reached XP level 7. HP: 61/61 MP: 8/8
  2498 | D:5      | Entered Level 5 of the Dungeon
  2535 | D:5      | Found a staircase to the Ecumenical Temple.
  2555 | Temple   | Entered the Ecumenical Temple
  2824 | Temple   | Became a worshipper of Qazlal Stormbringer
  2824 | Temple   | Reached * piety under Qazlal
  2824 | Temple   | Reached ** piety under Qazlal
  2845 | D:5      | Found a transporter.
  2898 | D:5      | Found a transporter.
  2916 | D:5      | Noticed a wyvern
  2930 | D:5      | Killed a wyvern
  2931 | D:5      | Reached skill level 6 in Fighting
  2931 | D:5      | Reached XP level 8. HP: 44/70 MP: 9/9
  3147 | D:5      | Reached skill level 1 in Shields
  3556 | D:6      | Noticed Duvessa
  3556 | D:6      | Noticed Dowan
  3572 | D:6      | Killed Duvessa
  3574 | D:6      | Killed Dowan
  3839 | D:6      | Identified the +1 leather armour of Marbles {Str+4 Int+2}
  3926 | D:6      | Reached skill level 5 in Invocations
  3926 | D:6      | Reached XP level 9. HP: 76/78 MP: 11/11
  4176 | D:6      | Reached skill level 7 in Fighting
  4859 | D:7      | Reached skill level 5 in Short Blades
  5667 | D:8      | Noticed Erica
  5691 | D:8      | Reached skill level 5 in Dodging
  5716 | D:8      | Killed Erica
  5717 | D:8      | Reached skill level 8 in Fighting
  5717 | D:8      | Reached XP level 10. HP: 88/88 MP: 13/13
  5724 | D:8      | Reached *** piety under Qazlal
  6302 | D:8      | Noticed Maggie
  6341 | D:8      | Killed Maggie
  6839 | D:9      | Identified the +8 great mace of Untruth {freeze, *Rage
                  | rElec rPois}
  6839 | D:9      | Noticed a two-headed ogre
  6839 | D:9      | Noticed a two-headed ogre
  6851 | D:9      | Noticed a two-headed ogre
  6857 | D:9      | Noticed a two-headed ogre
  6861 | D:9      | Noticed Cecur's ghost (novice DsGl)
  6862 | D:9      | Noticed a two-headed ogre
  6987 | D:9      | HP: 4/90 [something (10)]
  6987 | D:9      | Slain by a vampire

Illustrated notes

Levels and vault maps discovered:
D:1:      dpeg_arrival_stone_temple_mockup, layout_basic,
          shapermc_ecumenical_altar_rom_forum,
          nicolae_concentric_dashed_squares_mild
D:2:      layout_basic, corexii_hall_statues_i
D:3:      layout_basic
D:4:      layout_loops_ring
D:5:      gammafunk_steamed_eel, layout_rooms, minmay_temple_entry_proselytizer
D:6:      layout_basic, bh_walls_and_bars, uniq_duvessa
D:7:      layout_rooms
D:8:      layout_layer_cave, enter_bailey_7, uniq_erica, uniq_maggie
D:9:      layout_irregular_city, gammafunk_ghost_smash
Temple:   nicolae_temple_the_god_donut

Skill      XL: |  1  2  3  4  5  6  7  8  9 10 |
---------------+-------------------------------+-----
Invocations    | 1 2 3 5 6 7 |  7.3
Armour         | 1 2 3 4 |  4.5
Fighting       | 4 5 6 8 |  8.8
Dodging        | 3 4 5 |  5.5
Short Blades   | 1 2 3 4 5 6 |  6.4
Shields        | 2 3 |  3.7
Stealth        | |  2.1
Unarmed Combat | |  3.8

Action                   |  1- 3 |  4- 6 |  7- 9 | 10-12 || total
-------------------------+-------+-------+-------+-------++-------
Melee: Unarmed           |    86 |       |       |       ||    86
       Punch             |     1 |     3 |     1 |       ||     5
       Quick blade       |    17 |   113 |   359 |   217 ||   706
  Use: Scroll            |       |       |     9 |     1 ||    10
       Potion            |       |       |       |     1 ||     1
Armor: Plate armour      |    85 |    66 |   111 |    90 ||   352
       Robe              |     1 |       |       |       ||     1
Dodge: Dodged            |    20 |    19 |    54 |    51 ||   144
Block: Buckler           |       |       |    82 |    61 ||   143
       Other             |       |       |     1 |       ||     1

Table legend: (Time is in decaauts)
 A = Elapsed time spent in this place.
 B = Non-inter-level travel time spent in this place.
 C = Inter-level travel time spent in this place.
 D = Time resting spent in this place.
 E = Time spent auto-exploring this place.
 F = Levels seen in this place.
 G = Mean time per level.
                   A        B        C        D        E       F      G
               +--------+--------+--------+--------+--------+-----+--------+
         Total |   6655 |   6415 |    240 |    163 |   5050 |  10 |  665.5 |
       Dungeon |   6371 |   6164 |    207 |    163 |   4818 |   9 |  707.9 |
        Temple |    283 |    250 |     33 |      0 |    232 |   1 |  283.0 |
               +--------+--------+--------+--------+--------+-----+--------+

Top non-repeatable levels by time:
     D:8: 1166 daAuts
     D:6: 1099 daAuts
     D:5: 729 daAuts
     D:7: 698 daAuts
     D:2: 687 daAuts
     D:4: 632 daAuts
     D:1: 577 daAuts
     D:3: 542 daAuts
  Temple: 283 daAuts
     D:9: 237 daAuts
